 Dungeon Crawl Stone Soup version 0.21-a0-509-gecc5317 (webtiles) character file.

6899 blurby the Spear-Bearer (level 11, -7/87 HPs)
             Began as a Merfolk Fighter on Nov 29, 2017.
             Was an Elder of Yredelemnul.
             Mangled by an ice beast (9 damage)
             ... on level 11 of the Dungeon on Nov 30, 2017.
             The game lasted 01:42:55 (9225 turns).

blurby the Spear-Bearer (Merfolk Fighter)           Turns: 9225, Time: 01:42:55

Health: -7/87      AC: 15    Str: 23    XL:     11   Next: 6%
Magic:  16/16      EV:  6    Int:  8    God:    Yredelemnul [****..]
Gold:   55         SH:  0    Dex: 15    Spells: 10/10 levels left

rFire    + + .     SeeInvis .   F - +0 glaive (flame)
rCold    x . .     Gourm    .   (shield currently unavailable)
rNeg     . . .     Faith    .   Q - +0 plate armour
rPois    .         Spirit   .   p - +0 helmet
rElec    .         Reflect  .   f - +0 cloak
rCorr    .         Harm     .   (no gloves)
MR       .....     Clarity  +   (no boots)
Stlth    ..........             (no amulet)
HPRegen  0.24/turn              n - ring of fire
MPRegen  0.15/turn              (no ring)

@: mighty, about to teleport
A: change form in water, swift swim, stealthy swim, slimy green scales 1,
clarity, fire resistance 1
a: Recall Undead Slaves, Injury Mirror, Animate Dead, Drain Life, Renounce
Religion


You were on level 11 of the Dungeon.
You worshipped Yredelemnul.
Yredelemnul was greatly pleased with you.
You were not hungry.

You visited 3 branches of the dungeon, and saw 13 of its levels.

You collected 450 gold pieces.
You spent 395 gold pieces at shops.

Inventory:

Hand Weapons
 a - a +2 trident
 e - a +0 halberd
 g - a +0 spear
 i - a +0 hunting sling
 o - a cursed +0 giant club
 s - a +0 spear
 v - a +2 spear of piercing
 A - a +0 halberd
 F - a +0 glaive of flaming (weapon)
 J - a +0 trident
Missiles
 j - 219 stones (quivered)
Armour
 b - a +0 scale mail
 c - a +0 shield
 f - a +0 cloak (worn)
 m - a +0 chain mail
 p - a +0 helmet (worn)
 C - a +1 leather armour of cold resistance
 E - the cursed +0 robe of Hiseasuf {rElec, unknown}
   (You found it on level 5 of the Dungeon)

   It insulates you from electricity.
   It has a curse placed upon it.
 I - a +1 ring mail of poison resistance
 L - a +4 chain mail
 M - a +2 scale mail of positive energy
 Q - a +0 plate armour (worn)
 R - the +3 ring mail of Narcissism {rF+, unknown}
   (You found it on level 10 of the Dungeon)

   It protects you from fire.
Jewellery
 n - a ring of fire (left hand)
Wands
 z - a wand of digging (12)
 D - a wand of iceblast (4)
 G - a wand of polymorph (9)
Scrolls
 q - 4 scrolls of remove curse
 w - a scroll of enchant armour
 y - 2 scrolls of teleportation
 K - a scroll of fear
 N - a scroll of noise
 O - 2 scrolls of magic mapping
Potions
 d - 3 potions of might
 h - 2 potions of brilliance
 k - 4 potions of curing
 l - 2 potions of agility
 r - 2 potions of haste
 B - a potion of cancellation
 H - a potion of ambrosia
 P - a potion of lignification
Comestibles
 t - 2 royal jellies
 x - 4 meat rations
 S - a bread ration
 T - 6 chunks of flesh


   Skills:
 + Level 8.9 Fighting
 * Level 14.6 Polearms
 - Level 2.1 Armour
 - Level 7.3 Stealth
 - Level 5.3 Shields
 + Level 7.3 Invocations


You had 10 spell levels left.
You didn't know any spells.

Dungeon Overview and Level Annotations

Branches:
Dungeon (11/15)            Temple (1/1) D:4             Orc (1/2) D:10
   Lair: D:8-11

Altars:
Ashenzari
Cheibriados
Dithmenos
Elyvilon
Gozag
Hepliaklqana
Kikubaaqudgha
Makhleb
Nemelex Xobeh
Okawaru
Qazlal
Ru
Sif Muna
Trog
Uskayaw
Vehumet
Wu Jian
Xom
Yredelemnul
Zin
The Shining One

Shops:
D:4 (   D:9 *

Portals:
Ice
Cave: D:11

Annotations:
D:6 Crazy Yiuf
Orc:1 Urug


Innate Abilities, Weirdness & Mutations

You revert to your normal form in water.
You are very nimble and swift while swimming.
You are very stealthy in the water. (Stealth+)
You are partially covered in slimy green scales. (AC +2)
You possess an exceptional clarity of mind.
Your flesh is heat resistant. (rF+)


Message History

The ice beast hits you but does no damage.
Something hits you but does no damage.
Deactivating autopickup; reactivate with Ctrl-A.
The sky beast hits you but does no damage.
The ice beast hits you but does no damage. x2
The ice beast hits you.
* * * LOW HITPOINT WARNING * * *
The ice beast freezes you!!
You feel a terrible chill!
* * * LOW HITPOINT WARNING * * *
As you read the scroll of teleportation, it crumbles to dust.
You feel strangely unstable.
The ice beast hits you but does no damage.
Something hits you but does no damage.
The sky beast hits you but does no damage.
The ice beast hits you but does no damage.
The ice beast closely misses you. The ice beast hits you.
* * * LOW HITPOINT WARNING * * *
The ice beast freezes you!
You feel a terrible chill!
You die...
Your body rises from the dead as a mindless zombie.

######## #......
#.#... #.#..###.#
#### #.#......#
...#
#.#.#########(..##
#..........YYY...#
#<..########@Y...#
##### #Y{∩...#
.......#
##........
####.#.## .....
.#.## .#


You could see 4 ice beasts and a sky beast.

Vanquished Creatures
  A two-headed ogre (D:10)
  Joseph (D:7)
  Grinder (D:6)
  A hippogriff (D:10)
  4 yaks (D:10)
  Eustachio (D:6)
  2 hungry ghosts
  A water moccasin (D:9)
  A two-headed ogre zombie (D:10)
  Duvessa (D:6)
  A porcupine (D:9)
  8 orc warriors
  2 phantoms
  4 ice beasts (D:11)
  4 sky beasts
  3 ogres
  2 centaurs
  Dowan (D:6)
  A scorpion (D:4)
  3 crimson imps (D:5)
  7 orc priests
  8 hounds
  A bullfrog zombie (D:7)
  A jelly (D:5)
  12 orc wizards
  2 bullfrog skeletons
  2 iguanas
  6 worker ants
  5 ogre zombies (D:10)
  2 hound zombies
  5 hound skeletons
  16 gnolls
  9 adders
  3 shadow imps
  3 oozes
  An adder skeleton (D:7)
  3 worms
  2 dart slugs
  3 leopard geckos
  41 orcs
  4 giant cockroaches
  4 goblins (D:2)
  5 hobgoblins
  7 jackals (D:4)
  5 quokkas
  2 bats
  2 frilled lizards
  A goblin skeleton (D:10)
  2 goblin zombies (D:10)
  2 hobgoblin zombies (D:10)
  A jackal zombie (D:5)
  7 kobolds
  2 orc skeletons (D:10)
  11 orc zombies (D:10)
  A quokka skeleton (D:6)
  3 rats
234 creatures vanquished.

Vanquished Creatures (collateral kills)
  A hungry ghost (D:10)
  A phantom (D:10)
  A black bear (D:5)
  2 bullfrogs
  A crimson imp (D:5)
  An orc wizard (D:9)
  2 hounds
  An ogre zombie (D:10)
  An adder (D:9)
  12 orcs
  A goblin skeleton (D:10)
  A hobgoblin zombie (D:10)
  5 orc zombies (D:10)
30 creatures vanquished.

Vanquished Creatures (others)
  3 yak zombies (D:10)
  2 wights (D:10)
  A bullfrog zombie (D:9)
  A human skeleton (D:7)
  A sky beast zombie (D:11)
  2 hound zombies
  A mummy (D:10)
  An adder zombie (D:6)
  5 orc skeletons
  10 orc zombies
  A quokka zombie (D:7)
28 creatures vanquished.

Grand Total: 292 creatures vanquished

Notes
Turn   | Place    | Note
-------+----------+-------------------------------------------
     0 | D:1      | blurby the Merfolk Fighter began the quest for the Orb.
     0 | D:1      | Reached XP level 1. HP: 18/18 MP: 1/1
   131 | D:1      | Reached XP level 2. HP: 24/24 MP: 2/2
   624 | D:1      | Reached skill level 1 in Stealth
   899 | D:2      | Reached skill level 4 in Polearms
   899 | D:2      | Reached XP level 3. HP: 29/29 MP: 3/3
  1136 | D:2      | Found a white marble altar of Elyvilon.
  1247 | D:2      | Reached XP level 4. HP: 31/37 MP: 4/4
  1271 | D:2      | Noticed a centaur
  1285 | D:2      | Killed a centaur
  1285 | D:2      | Reached skill level 5 in Polearms
  1285 | D:2      | Reached XP level 5. HP: 18/42 MP: 5/5
  1808 | D:3      | Noticed a sky beast
  1821 | D:3      | Killed a sky beast
  1821 | D:3      | Reached skill level 6 in Polearms
  1821 | D:3      | Reached XP level 6. HP: 42/49 MP: 6/6
  1822 | D:3      | Found a sparkling altar of Nemelex Xobeh.
  1828 | D:3      | Gained mutation: Your flesh is heat resistant. (rF+) [mutagenic meat]
  1841 | D:3      | Gained mutation: You are partially covered in slimy green scales. (AC +2) [mutagenic meat]
  1842 | D:3      | Gained mutation: You possess an exceptional clarity of mind. [mutagenic meat]
  1972 | D:3      | Found a sparkling altar of Nemelex Xobeh.
  2149 | D:4      | Found an ornate altar of the Wu Jian Council.
  2375 | D:4      | Found a staircase to the Ecumenical Temple.
  2381 | Temple   | Entered the Ecumenical Temple
  2713 | Temple   | Became a worshipper of Yredelemnul the Dark
  2842 | D:4      | Reached skill level 7 in Polearms
  2842 | D:4      | Reached XP level 7. HP: 55/55 MP: 7/7
  2866 | D:4      | Found Luawkio's Weapon Emporium.
  3136 | D:4      | Reached skill level 1 in Invocations
  3443 | D:5      | Entered Level 5 of the Dungeon
  3876 | D:5      | Found a glowing golden altar of the Shining One.
  3876 | D:5      | Found a shattered altar of Ashenzari.
  3883 | D:5      | Found a bloodstained altar of Trog.
  3889 | D:5      | Found a shadowy altar of Dithmenos.
  3890 | D:5      | Found a faded altar of an unknown god.
  3980 | D:5      | Reached skill level 5 in Fighting
  4039 | D:5      | Reached skill level 8 in Polearms
  4148 | D:5      | Reached XP level 8. HP: 25/62 MP: 9/9
  4154 | D:5      | Reached * piety under Yredelemnul
  4404 | D:5      | You fall through a shaft for 2 floors!
  4517 | D:6      | Reached skill level 5 in Shields
  4572 | D:6      | Found a bloodstained altar of Trog.
  4575 | D:6      | Noticed Grinder
  4593 | D:6      | Paralysed by Grinder for 7 turns
  4608 | D:6      | Paralysed by Grinder for 4 turns
  4613 | D:6      | Killed Grinder
  4613 | D:6      | Reached skill level 9 in Polearms
  4613 | D:6      | Reached skill level 5 in Stealth
  4724 | D:6      | Found a runed door.
  4728 | D:6      | Noticed Crazy Yiuf
  4921 | D:5      | Got a heavily jewelled robe
  5007 | D:4      | Bought a +0 glaive of flaming for 178 gold pieces
  5131 | D:6      | Reached skill level 10 in Polearms
  5201 | D:6      | Noticed Dowan
  5201 | D:6      | Reached XP level 9. HP: 47/69 MP: 11/11
  5202 | D:6      | Noticed Duvessa
  5214 | D:6      | Killed Duvessa
  5219 | D:6      | Killed Dowan
  5425 | D:6      | Noticed Eustachio
  5450 | D:6      | Killed Eustachio
  5709 | D:6      | Found a stormy altar of Qazlal.
  5858 | D:7      | Reached ** piety under Yredelemnul
  5924 | D:7      | Reached skill level 11 in Polearms
  6330 | D:7      | Noticed Joseph
  6339 | D:7      | Killed Joseph
  6399 | D:7      | Your ally Joseph died
  6572 | D:8      | Noticed a two-headed ogre
  6575 | D:9      | Found a burning altar of Makhleb.
  6576 | D:9      | Reached skill level 5 in Invocations
  6681 | D:9      | Reached skill level 12 in Polearms
  6689 | D:9      | Reached XP level 10. HP: 65/79 MP: 12/14
  6787 | D:9      | Reached *** piety under Yredelemnul
  6876 | D:9      | Found Cilurud's General Store.
  6924 | D:9      | Found an ornate altar of the Wu Jian Council.
  7007 | D:9      | Bought a scroll of teleportation for 42 gold pieces
  7007 | D:9      | Bought a potion of lignification for 42 gold pieces
  7007 | D:9      | Bought a scroll of magic mapping for 49 gold pieces
  7133 | D:9      | Received a gift from Yredelemnul (a wight)
  8104 | D:9      | Bought a royal jelly for 28 gold pieces
  8104 | D:9      | Bought a potion of agility for 56 gold pieces
  8115 | D:10     | Entered Level 10 of the Dungeon
  8211 | D:10     | Reached skill level 13 in Polearms
  8384 | D:10     | Got a brightly glowing ring mail
  8395 | D:10     | Reached **** piety under Yredelemnul
  8645 | D:10     | Noticed a two-headed ogre
  8661 | D:10     | Killed a two-headed ogre
  8661 | D:10     | Reached skill level 14 in Polearms
  8795 | D:10     | Received a gift from Yredelemnul (a wight)
  8836 | D:10     | Received a gift from Yredelemnul (a mummy)
  8857 | D:10     | Found a staircase to the Orcish Mines.
  8884 | Orc:1    | Entered Level 1 of the Orcish Mines
  9128 | Orc:1    | Noticed a cyclops
  9133 | Orc:1    | Noticed Urug
  9144 | D:10     | Reached XP level 11. HP: 29/87 MP: 16/16
  9212 | D:11     | Found a frozen archway.
  9224 | D:11     | HP: 3/87 [ice beast (21)]
  9225 | D:11     | Mangled by an ice beast

Vault maps used:
D:1:      sevenhm_arrival_forest_fort_small_3
D:2:      kennysheep_six_static_rooms, elyvilon_altar_3
D:3:      fedhas_altar_fruit_tree, nemelex_xobeh_ov_fountains_minmay,
          first_bread, nemelex_dance_club_becter
D:4:      minmay_temple_entry_statues_pillars, portal_sewer_entry_d,
          serial_shops, kennysheep_mini_moat, lemuel_tele_altar
D:5:      chequers_temple_overflow_minitemple
D:6:      grunt_qazlal_clouds, basic_altar, uniq_grinder, uniq_eustachio,
          uniq_duvessa, uniq_crazy_yiuf_cottage
D:7:      uniq_joseph
D:8:      due_lair_maze_entry_diamond, hangedman_pestilent_swarm,
          grunt_ministairs_14, grunt_gozag_statues
D:9:      grunt_temple_overflow_open, serial_shops,
          nicolae_shop_window_shopping, kennysheep_small_spiral,
          minmay_misc_feat_five
D:10:     zombieorc2_lemuel
D:11:     lab_entry_generic, enter_trove_5, portal_ice_cave_entry_ice_beasts
Temple:   minmay_temple_bridge_abc
Orc:1:    mines2_lemuel, uniq_urug

Skill      XL: |  1  2  3  4  5  6  7  8  9 10 |
---------------+-------------------------------+-----
Stealth        | 1 2 3 4 5 7 |  7.3
Polearms       | 4 5 6 7 8 10 12 14 | 14.6
Fighting       | 4 5 6 7 8 |  8.9
Shields        | 4 5 |  5.3
Invocations    | 2 3 5 7 |  7.3
Armour         | |  2.1

Action                   |  1- 3 |  4- 6 |  7- 9 | 10-12 || total
-------------------------+-------+-------+-------+-------++-------
Melee: Trident           |    69 |   157 |    59 |       ||   285
       Spear             |       |       |   207 |       ||   207
       Glaive            |       |       |   157 |   273 ||   430
Throw: Stone             |       |       |    36 |     8 ||    44
Invok: Animate Remains   |       |       |    14 |     5 ||    19
       Injury Mirror     |       |       |     1 |     2 ||     3
       Recall Undead Sla |       |       |     1 |     2 ||     3
       Animate Dead      |       |       |       |    10 ||    10
  Use: Scroll            |     6 |     3 |     5 |     4 ||    18
       Potion            |     2 |       |     3 |     3 ||     8
 Stab: Distracted        |       |       |     1 |     2 ||     3
  Eat: Chunk             |     1 |     7 |    10 |     8 ||    26
       Bread ration      |       |     1 |     2 |     2 ||     5
       Royal jelly       |       |       |       |     1 ||     1
Armor: Scale mail        |     6 |       |       |       ||     6
       Chain mail        |    20 |    96 |   192 |    39 ||   347
       Plate armour      |       |       |       |   183 ||   183
Dodge: Dodged            |    17 |    25 |    88 |    68 ||   198
Block: Shield            |    23 |    63 |    79 |       ||   165

Table legend:
 A = Spawn XP
 B = Non-spawn XP
 C = Spawn XP percentage of total XP
 D = Spawn monster count
 E = Non-spawn monster count
 F = Spawn count percentage of total count
 G = Total turns spent on level
                    A         B        C        D         E        F      G
               +---------+---------+-------+---------+---------+-------+---------
         Total |       0 |    9857 |   0.0 |       0 |     264 |   0.0 |  9225
               +---------+---------+-------+---------+---------+-------+---------
           D:1 |       0 |      22 |   0.0 |       0 |       9 |   0.0 |   806
           D:2 |       0 |     205 |   0.0 |       0 |      20 |   0.0 |   977
           D:3 |       0 |     200 |   0.0 |       0 |      20 |   0.0 |   291
           D:4 |       0 |     350 |   0.0 |       0 |      20 |   0.0 |  1320
           D:5 |       0 |     775 |   0.0 |       0 |      29 |   0.0 |   982
           D:6 |       0 |    1249 |   0.0 |       0 |      18 |   0.0 |   983
           D:7 |       0 |    1170 |   0.0 |       0 |      22 |   0.0 |   815
           D:8 |       0 |      74 |   0.0 |       0 |       3 |   0.0 |    46
           D:9 |       0 |    1980 |   0.0 |       0 |      68 |   0.0 |  1540
          D:10 |       0 |    3204 |   0.0 |       0 |      49 |   0.0 |  1025
          D:11 |       0 |     625 |   0.0 |       0 |       5 |   0.0 |    65
         Orc:1 |       0 |       3 |   0.0 |       0 |       1 |   0.0 |    20
               +---------+---------+-------+---------+---------+-------+---------
